 Dungeon Crawl Stone Soup version 0.31.0-11-ge490571c62 (webtiles) character file.

Game seed: 13989586512452378568

17102 Datul the Thaumaturge (level 12, 0/88 HPs)
             Began as a Deep Elf Air Elementalist on Jan 29, 2024.
             Was a Priest of Vehumet.
             Succumbed to an orc warrior's poison
             ... on level 1 of the Orcish Mines.
             The game lasted 01:04:16 (14315 turns).

Datul the Thaumaturge (Deep Elf Air Elementalist)  Turns: 14315, Time: 01:04:17

Health: 0/88       AC: 26    Str:  5    XL:     12   Next: 15%
Magic:  35/41      EV:  2    Int: 26    God:    Vehumet [***...]
Gold:   480        SH:  5    Dex: 15    Spells: 11/39 levels left

rFire   x . .        d - +2 demon whip (freeze)
rCold   + . .        (no shield)
rNeg    . . .        k - melded +0 steam dragon scales
rPois   +            A - melded +0 hat
rElec   .            (cloak currently unavailable)
rCorr   .            j - melded +1 pair of gloves
SInv    .            (boots currently unavailable)
Will    +....        D - amulet of reflection
Stlth   ++           s - ring of magical power
HPRegen 0.34/turn    n - ring of ice
MPRegen 0.27/turn

%: reflection
@: lethally poisoned (0 -> -33), tree-form
A: stationary, stasis, torment immunity, boosted hp
a: Renounce Religion


You were on level 1 of the Orcish Mines.
You worshipped Vehumet.
Vehumet was most pleased with you.
You were a tree.
You visited 3 branches of the dungeon, and saw 13 of its levels.

You collected 920 gold pieces.
You spent 440 gold pieces at shops.

Inventory:

Hand Weapons
 d - a +2 demon whip of freezing (weapon)
 g - a +2 scimitar of flaming
 p - a +1 dagger of electrocution
Missiles
 t - 8 throwing nets
Armour
 a - a +0 robe
 j - a +1 pair of gloves (melded)
 k - +0 steam dragon scales (melded)
 A - a +0 hat (melded)
Jewellery
 h - a ring of resist corrosion
 n - a ring of ice (right branch)
 r - a ring of poison resistance
 s - a ring of magical power (left branch)
 x - a ring of magical power
 D - an amulet of reflection (around neck)
Wands
 o - a wand of flame (6)
 u - a wand of paralysis (5)
 w - a wand of mindburst (5)
 y - a wand of roots (11)
Scrolls
 q - a scroll of revelation
 v - 6 scrolls of teleportation
 z - a scroll of identify
Potions
 b - 2 potions of magic
 c - 3 potions of curing
 e - 2 potions of brilliance
 f - 2 potions of enlightenment
 i - 3 potions of ambrosia
 l - 2 potions of cancellation
 m - a potion of haste
 B - a potion of might


   Skills:
 - Level 4.0 Dodging
 - Level 2.4 Stealth
 - Level 14.0 Spellcasting
 + Level 9.7 Conjurations
 - Level 5.0 Summonings
 + Level 12.3 Fire Magic
 - Level 8.2 Air Magic


You had 11 spell levels left.
You knew the following spells:

 Your Spells              Type           Power      Damage    Failure   Level
a - Shock                 Conj/Air       100%       1d9       1%          1
b - Blink                 Tloc           36%        N/A       4%          2
c - Airstrike             Air            28%        2d(5-21)  1%          4
d - Static Discharge      Conj/Air       100%       3-8/arc   1%          2
e - Starburst             Conj/Fire      33%        6d10      1%          6
l - Summon Lightning Spi  Summ/Air       51%        N/A       1%          4
p - Plasma Beam           Fire/Air       32%        2x1d45    1%          6
s - Swiftness             Air            57%        N/A       1%          3

Your spell library contained the following spells:

 Spells                   Type           Power      Damage    Failure   Level
 Flame Wave               Conj/Fire      66%        2d15      1%          4
 Foxfire                  Conj/Fire      100%       2x1d9     1%          1
 Freeze                   Ice            100%       1d10      1%          1
 Kiss of Death            Conj/Necr      100%       2d13      1%          1
 Call Imp                 Summ           88%        N/A       1%          2
 Momentum Strike          Conj/Tloc      86%        3d10      1%          2
 Scorch                   Fire           100%       2d9       1%          2
 Dazzling Flash           Conj/Hex       86%        N/A       1%          3
 Hailstorm                Conj/Ice       60%        3d11      1%          3
 Volatile Blastmotes      Fire/Tloc      100%       2d18      1%          3
 Frozen Ramparts          Ice            54%        1d9       2%          3
 Jinxbite                 Hex            36%        N/A       4%          2
 Lesser Beckoning         Tloc           36%        N/A       4%          2
 Sublimation of Blood     Necr           18%        N/A       4%          2
 Confusing Touch          Hex            18%        N/A       9%          3
 Gell's Gravitas          Tloc           18%        N/A       9%          3
 Teleport Other           Tloc           18%        N/A       9%          3
 Yara's Violent Unravell  Hex/Alch       9%         3d6       21%         5
 Dispel Undead            Necr           18%        3d11      30%         4
 Maxwell's Capacitive Co  Air            28%        ∞         82%         8
 Summon Hydra             Summ           22%        N/A       97%         7
 Fire Storm               Conj/Fire      33%        8d8       99%         9
 Enfeeble                 Hex            9%         N/A       100%        7


Dungeon Overview and Level Annotations

Branches:
Dungeon (10/15) Zot: 26001  Temple (1/1) D:6 Zot: 5963     Orc (2/2) D:10 Zot: 10485
    Elf (0/3) Orc:2
   Lair: D:8-11

Altars:
Ashenzari
Cheibriados
Dithmenos
Elyvilon
Fedhas
Gozag
Hepliaklqana
Kikubaaqudgha
Makhleb
Nemelex Xobeh
Okawaru
Qazlal
Ru
Sif Muna
Trog
Uskayaw
Vehumet
Wu Jian
Xom
Yredelemnul
Zin
The Shining One

Shops:
D:7 *

Annotations:
D:5 1 runed translucent door, Crazy Yiuf
D:10 1 runed translucent door, exclusion: boulder beetle, TheRegalBeagle's ghost, journeyman FoFi


Message History

The orc warrior hits your lightning spire but does no damage.
You take 16 damage, and have 37/59 hp.
MASSIVE DAMAGE!!
You now have 37/41 mp.
Unknown command.
Unknown command.
Casting: Summon Lightning Spire (dangerous; 1% risk of failure)
Confirm with . or Enter, or press ? or * to list all spells.
The orc warrior is struck by an arc of lightning.
The orc warrior is lightly wounded.
The orc warrior is struck by an arc of lightning!
The orc warrior is moderately wounded.
You feel very sick. The orc barely misses you.
An orc priest comes into view. It is wielding a +0 hand axe.
The kobold blastminer wields a +0 arbalest.
The kobold blastminer shoots a bolt.
The bolt hits you!
* * * LOW HITPOINT WARNING * * *
The orc hits you from afar with a +0 trident.
* * * LOW HITPOINT WARNING * * *
The orc warrior hits you with a +2 hand axe of venom!
* * * LOW HITPOINT WARNING * * *
You are more poisoned.
The orc warrior hits your lightning spire but does no damage.
Your lightning spire shoots out a bolt of lightning at the orc warrior!
The bolt of electricity hits the orc warrior!!
The bolt of electricity misses the orc wizard.
The bolt of electricity hits the orc wizard!
The bolt of electricity hits the orc warrior!
The orc warrior dies!
Vehumet accepts your kill.
The bolt of electricity hits your lightning spire.
Your lightning spire completely resists.
You take 32 damage, and have 5/59 hp.
MASSIVE DAMAGE!!
You now have 35/41 mp.
Unknown command.
Unknown command.
Okay, then.
You turn into a tree.
Your +0 hat melds into your body.
Your +1 pair of gloves melds into your body.
Your +0 steam dragon scales melds into your body.
Your roots penetrate the ground.
You die...

#### ##...
##....##
##....o.#
#.....o♣#
.....8)o#
......oKo
..........
...#......o
..
####.#... .
###.... ###
..... ##.#


You could see a kobold blastminer, an orc warrior (ally target), 2 orc priests,
an orc wizard (distracted), 2 orcs and a friendly lightning spire (summoned).

Vanquished Creatures
  Jorgrun (Orc:2)
  Harold (Orc:1)
  3 two-headed ogres
  An orc high priest (Orc:2)
  Maurice (Orc:2)
  A kobold blastminer (Orc:2)
  A troll (Orc:2)
  A hornet (D:8)
  4 yaks
  A warg (Orc:1)
  2 steam dragons
  Menkaure (D:5)
  2 water moccasins
  A black bear (D:7)
  4 orc warriors
  5 ogres
  A centaur (D:9)
  A wolf (D:8)
  A kobold brigand (D:5)
  A bullfrog (D:6)
  A gnoll sergeant (D:8)
  4 scorpions
  2 wights (D:7)
  Dowan (D:6)
  5 killer bees
  A bombardier beetle (D:5)
  3 orc priests
  2 hounds
  3 iguanas
  A sleepcap (D:8)
  7 orc wizards
  10 gnolls
  9 adders
  2 shadow imps
  3 white imps
  A ribbon worm (D:5)
  A dart slug (D:2)
  27 orcs
  5 ball pythons
  8 endoplasms
  6 giant cockroaches
  8 hobgoblins
  12 kobolds
  2 quokkas
  7 bats
  4 frilled lizards
  14 goblins
  7 rats
190 creatures vanquished.

Vanquished Creatures (collateral kills)
  Gastronok (D:8)
  Erica (D:8)
  2 two-headed ogres
  Urug (Orc:1)
  An orc sorcerer (Orc:1)
  11 yaks
  An unseen horror simulacrum (D:8)
  Eustachio (D:6)
  A warg (Orc:1)
  2 water moccasins
  Duvessa (D:6)
  5 orc warriors
  A black bear (D:4)
  A centaur (D:8)
  A phantom (D:3)
  2 kobold brigands
  A scorpion (D:7)
  7 wights (D:7)
  A hornet simulacrum (D:8)
  5 killer bees
  2 howler monkeys (D:9)
  An orc priest (Orc:1)
  6 orc wizards
  2 gnolls (D:8)
  2 white imps
  8 orcs
  4 kobolds (D:8)
72 creatures vanquished.

Vanquished Creatures (others)
  An ogre (Orc:1)
1 creature vanquished.

Grand Total: 263 creatures vanquished

Notes
Turn   | Place    | Note
-------+----------+-------------------------------------------
     0 | D:1      | Datul the Deep Elf Air Elementalist began the quest for the
                  | Orb.
     0 | D:1      | Reached XP level 1. HP: 10/10 MP: 6/6
   294 | D:1      | Reached XP level 2. HP: 15/15 MP: 1/8
   866 | D:1      | Reached XP level 3. HP: 19/19 MP: 8/10
   890 | D:1      | Learned a level 2 spell: Static Discharge
  1223 | D:2      | Reached skill level 4 in Spellcasting
  1662 | D:2      | Reached XP level 4. HP: 24/24 MP: 3/12
  2624 | D:3      | Learned a level 4 spell: Airstrike
  2802 | D:3      | Reached XP level 5. HP: 28/28 MP: 9/14
  2951 | D:3      | Noticed a phantom
  3240 | D:4      | Found a glowing golden altar of the Shining One.
  3407 | D:4      | Noticed a black bear
  3440 | D:4      | Reached skill level 5 in Spellcasting
  3811 | D:4      | Found a sparkling altar of Nemelex Xobeh.
  4094 | D:5      | Entered Level 5 of the Dungeon
  4161 | D:4      | Learned a level 3 spell: Swiftness
  4229 | D:5      | Reached XP level 6. HP: 21/32 MP: 16/16
  4599 | D:5      | Reached skill level 6 in Spellcasting
  4599 | D:5      | Reached skill level 5 in Air Magic
  4866 | D:5      | Found a runed translucent door.
  4867 | D:5      | Noticed Crazy Yiuf
  4929 | D:5      | Noticed Menkaure
  5084 | D:5      | Learned a level 2 spell: Blink
  5178 | D:5      | Reached XP level 7. HP: 36/36 MP: 18/18
  5225 | D:5      | Reached skill level 5 in Conjurations
  5253 | D:5      | Killed Menkaure
  5254 | D:5      | Reached skill level 7 in Spellcasting
  5871 | D:6      | Noticed Eustachio
  5901 | D:6      | Reached XP level 8. HP: 38/41 MP: 21/21
  5966 | D:6      | Learned a level 4 spell: Summon Lightning Spire
  6040 | D:6      | Reached skill level 1 in Summonings
  6418 | D:6      | Found a staircase to the Ecumenical Temple.
  6437 | Temple   | Entered the Ecumenical Temple
  6455 | Temple   | Became a worshipper of Vehumet
  6713 | D:6      | Noticed Duvessa
  6713 | D:6      | Noticed Dowan
  6723 | D:6      | Killed Dowan
  6723 | D:6      | Killed Duvessa
  6936 | D:6      | Killed Eustachio
  7226 | D:3      | Reached skill level 5 in Summonings
  7477 | D:7      | Reached XP level 9. HP: 42/45 MP: 18/22
  7481 | D:7      | Reached skill level 8 in Spellcasting
  7563 | D:7      | Found a shadowy altar of Dithmenos.
  7591 | D:7      | Found Emed's Fire Supplies.
  7684 | D:7      | Reached skill level 1 in Fire Magic
  7919 | D:7      | Found a bloodstained altar of Trog.
  7922 | D:7      | Reached * piety under Vehumet
  7922 | D:7      | Offered knowledge of Kiss of Death by Vehumet.
  7986 | D:7      | Found a shimmering blue altar of Sif Muna.
  7986 | D:7      | Found a glowing silver altar of Zin.
  8175 | D:7      | Reached skill level 9 in Spellcasting
  8765 | D:8      | Reached skill level 10 in Spellcasting
  8925 | D:8      | Noticed a two-headed ogre
  8930 | D:8      | Killed a two-headed ogre
  8931 | D:8      | Reached skill level 5 in Fire Magic
  8931 | D:8      | Reached XP level 10. HP: 50/50 MP: 11/26
  8931 | D:8      | Noticed Gastronok
  9169 | D:8      | Killed Gastronok
  9170 | D:8      | Reached skill level 11 in Spellcasting
  9352 | D:8      | Reached skill level 12 in Spellcasting
  9533 | D:8      | Noticed Erica
  9542 | D:8      | Killed Erica
  9542 | D:8      | Offered knowledge of Scorch by Vehumet.
  9816 | D:9      | Noticed a two-headed ogre
  9824 | D:9      | Killed a two-headed ogre
  9825 | D:9      | Reached skill level 13 in Spellcasting
 10119 | D:9      | Reached ** piety under Vehumet
 10363 | D:8      | Reached XP level 11. HP: 43/54 MP: 27/30
 10605 | D:9      | Noticed a two-headed ogre
 10609 | D:9      | Killed a two-headed ogre
 10712 | D:9      | Reached skill level 14 in Spellcasting
 10886 | D:7      | Bought Asmodeus's Exposition on the Blaze for 440 gold
                  | pieces
 10893 | D:7      | Learned a level 6 spell: Plasma Beam
 11108 | D:9      | Reached skill level 10 in Fire Magic
 11805 | D:10     | Entered Level 10 of the Dungeon
 11805 | D:10     | Noticed a two-headed ogre
 11954 | D:10     | Killed a two-headed ogre
 12340 | D:10     | Found a staircase to the Orcish Mines.
 12426 | D:10     | Noticed a boulder beetle
 12551 | D:10     | Found a runed translucent door.
 12552 | D:10     | Noticed TheRegalBeagle's ghost (journeyman FoFi)
 12803 | Orc:1    | Entered Level 1 of the Orcish Mines
 12803 | Orc:1    | Noticed a two-headed ogre
 12808 | Orc:1    | Killed a two-headed ogre
 12810 | Orc:1    | Offered knowledge of Inner Flame by Vehumet.
 12813 | Orc:1    | Noticed an orc sorcerer
 12815 | Orc:1    | Killed an orc sorcerer
 12820 | Orc:1    | Learned a level 6 spell: Starburst
 12958 | Orc:1    | Noticed Urug
 12963 | Orc:1    | Killed Urug
 12964 | Orc:1    | Reached *** piety under Vehumet
 13094 | Orc:1    | Noticed Harold
 13101 | Orc:1    | Killed Harold
 13373 | Orc:2    | Entered Level 2 of the Orcish Mines
 13378 | Orc:2    | Noticed an orc high priest
 13381 | Orc:2    | Noticed a soul eater
 13512 | Orc:2    | Noticed Jorgrun
 13583 | Orc:2    | Killed an orc high priest
 13746 | Orc:2    | Killed Jorgrun
 13747 | Orc:2    | Reached XP level 12. HP: 59/59 MP: 12/32
 13922 | Orc:2    | Found a staircase to the Elven Halls.
 14150 | Orc:2    | Noticed Maurice
 14155 | Orc:2    | Killed Maurice
 14155 | Orc:2    | Offered knowledge of Flame Wave by Vehumet.
 14315 | Orc:1    | Succumbed to an orc warrior's poison

Illustrated notes

Levels and vault maps discovered:
D:1:      dpeg_arrival_water_temple_mockup, layout_basic, minmay_misc_feat_rows
D:2:      layout_basic, uniq_robin
D:3:      layout_rooms
D:4:      layout_basic, tso_metal_star, mainiacjoe_overflow_six_doors_small,
          minmay_goblin_kobold_house
D:5:      layout_loops_ring, lexackson_kobold_supper, uniq_menkaure,
          uniq_crazy_yiuf_cottage
D:6:      layout_loops_corners, minmay_temple_entry_tees, uniq_duvessa,
          uniq_eustachio
D:7:      layout_basic, nicolae_dithmenos_through_a_glass_darkly,
          grunt_temple_overflow_open, nicolae_shop_fire_sale
          [nicolae_sub_dead_trees]
D:8:      layout_loops_corners, serial_ice, serial_ice_b, serial_ice_a,
          serial_ice_i, serial_ice_o, uniq_erica, uniq_gastronok
D:9:      layout_layer_cave
D:10:     layout_stronghold, orc_0_dummy, ebering_ghost_inner_flame
Temple:   eino_temple_scatter_basement
Orc:1:    layout_diamond_mine, uniq_harold, uniq_urug
Orc:2:    grunt_orc_cross, layout_diamond_mine, serial_shops, shop_fountains,
          nicolae_shop_overcharged_wands, uniq_jorgrun, uniq_maurice

Skill      XL: |  1  2  3  4  5  6  7  8  9 10 11 |
---------------+----------------------------------+-----
Conjurations   | 2 3 4 5 9 |  9.7
Spellcasting   | 4 5 6 7 10 13 14 | 14.0
Air Magic      | 4 5 6 8 |  8.2
Summonings     | 5 |  5.0
Dodging        | 4 |  4.0
Fire Magic     | 5 9 12 | 12.3
Stealth        | |  2.4

Action                     |  1- 3 |  4- 6 |  7- 9 | 10-12 || total
---------------------------+-------+-------+-------+-------++-------
  Melee: Unarmed           |     2 |       |       |       ||     2
         Dagger            |       |     3 |     1 |       ||     4
         Demon whip        |       |       |    13 |     4 ||    17
   Cast: Shock             |    88 |   112 |   121 |    88 ||   409
         Static Discharge  |       |    11 |    26 |    18 ||    55
         Airstrike         |       |     1 |    16 |    53 ||    70
         Summon Lightning  |       |       |    21 |    34 ||    55
         Blink             |       |       |     2 |       ||     2
         Plasma Beam       |       |       |       |    10 ||    10
         Starburst         |       |       |       |     2 ||     2
  Evoke: Wand              |       |     3 |       |     1 ||     4
    Use: Potion            |       |     1 |     1 |     1 ||     3
         Scroll            |       |       |    12 |     7 ||    19
 Armour: Robe              |     9 |    30 |    44 |       ||    83
         Skin              |       |    19 |     8 |       ||    27
         Steam dragon scal |       |       |    20 |    63 ||    83
  Dodge: Dodged            |    13 |    17 |    36 |    33 ||    99
  Block: Other             |       |       |       |     2 ||     2
